 Dungeon Crawl Stone Soup version 0.17-a0-1572-g7a1422d (webtiles) character file.

370 Chiseanne the Skirmisher (level 6, 6/51 HPs)
             Began as a Demonspawn Wanderer on July 26, 2015.
             Quit the game on level 2 of the Dungeon.
             The game lasted 00:09:45 (3364 turns).

Chiseanne the Skirmisher (Demonspawn Wanderer)      Turns: 3364, Time: 00:09:45

Health: 6/51       AC:  8    Str: 13    XL:     6   Next: 42%
Magic:  8/8        EV: 13    Int: 12    God:
Gold:   43         SH:  0    Dex: 15    Spells: 0 memorised, 5 levels left

rFire  + . .     SeeInvis .       - Unarmed
rCold  . . .     Clarity  .     r - +1 robe {rF+}
rNeg   . . .     SustAt   .     (no shield)
rPois  .         Gourm    .     (no helmet)
rElec  .         Spirit   +     f - +2 cloak {+Inv}
rCorr  .         Warding  .     (no gloves)
rMut   .         Stasis   .     h - +1 pair of boots
MR     .....                    (no amulet)
Stlth  ++........               (no ring)
                                (no ring)

@: lethally poisoned (6 -> -2), very slightly contaminated, hasted, very quick,
not resistant to hostile enchantments, unstealthy
A: claws 1, magic shield, magic regeneration, magic link
a: Evoke Invisibility


You were on level 2 of the Dungeon.
You were very hungry.

You visited 1 branch of the dungeon, and saw 3 of its levels.

You collected 43 gold pieces.

Inventory:

Hand weapons
 a - a +2 quarterstaff of chaos
 m - a +0 hand crossbow
Missiles
 d - 48 arrows
 i - 24 bolts
 p - 17 sling bullets
Armour
 e - a cursed +0 robe
 f - a +2 cloak of invisibility (worn)
 h - a +1 pair of boots (worn)
 r - a +1 robe of fire resistance (worn)
Scrolls
 b - a scroll of blinking
 c - 2 scrolls of teleportation
 l - 2 scrolls of amnesia
 s - a scroll of identify
 u - a scroll of noise {unknown}
Potions
 k - a potion of haste
 q - a potion of magic
Comestibles
 g - 5 bread rations
 j - a meat ration
 n - a royal jelly
 o - a chunk of flesh
 t - a beef jerky


   Skills:
 - Level 5.6 Fighting
 - Level 1.0 Crossbows
 - Level 2.6 Armour
 * Level 3.0 Dodging
 - Level 1.0 Stealth
 - Level 1.7 Unarmed Combat
 * Level 3.0 Evocations


You had 5 spell levels left.
You didn't know any spells.

Dungeon Overview and Level Annotations

Branches:
Dungeon (3/15)

Altars:
Makhleb
Qazlal


Innate Abilities, Weirdness & Mutations

You have sharp fingernails.
When hurt, damage is shared between your health and your magic reserves.
You regenerate magic rapidly.
When low on magic, you restore magic in place of health.


Message History

You feel sick.
The goblin unwields an uncursed dagger.
The goblin wields a hunting sling.
The goblin shoots a stone.
The stone closely misses the hobgoblin.
* * * LOW HITPOINT WARNING * * *
You feel sick.
You flicker back into view.
The goblin shoots a stone.
The stone closely misses you.
* * * LOW HITPOINT WARNING * * *
You feel sick.
You see here a stone.
* * * LOW HITPOINT WARNING * * *
You feel sick.
There is a stone staircase leading up here.
You climb upwards.
* * * LOW HITPOINT WARNING * * *
You feel sick.
There is a stone staircase leading down here.
Drink which item? (? for menu, Esc to quit)
Okay, then.
Are you sure you want to abandon this character and quit the game? (Confirm with "yes".)

#.....#..........).......)..#
#.###.#.###################.#
#.#
#.#.##....รท...........#.#
#.###.#.##.##############.#.#
#.......##.# #.#.#
#####....#.# #.#.#####
####.#.####### #.#.#....
####......########.#.#.###
#.....@>)....##.#.#.#
#....[.#####.##.#.#.# ##
####......# #.##.#.#.# .###
##...)..)..# #.##.#.#.###
...####.)).......#
#.##.#.#.#..
.##..#...........#
#.##.#.#.#.#
#####.#....#######
#.##.#.#.#.# ########
#....#.#.#.#
##############..#.#.#.#


There were no monsters in sight!

Vanquished Creatures
  Sigmund (D:3)
  Crazy Yiuf (D:2)
  Jessica (D:2)
  Robin (D:3)
  4 gnolls (D:2)
  4 adders
  A worm (D:3)
  A giant gecko (D:2)
  An orc (D:3)
  2 giant cockroaches
  12 goblins
  10 hobgoblins
  8 jackals (D:1)
  A quokka (D:2)
  2 bats
  4 giant newts
  12 kobolds
  7 rats
73 creatures vanquished.

Vanquished Creatures (others)
  A bat (D:2)
1 creature vanquished.

Grand Total: 74 creatures vanquished

Notes
Turn   | Place    | Note
--------------------------------------------------------------
     0 | D:1      | Chiseanne the Demonspawn Wanderer began the quest for the Orb.
     0 | D:1      | Chiseanne set off with: a potion of heal wounds, a scroll of blinking, a scroll of teleportation, a potion of curing, a +0 robe, a +0 dagger, a bread ration
     0 | D:1      | Reached XP level 1. HP: 19/19 MP: 2/2
   255 | D:1      | Gained mutation: When hurt, damage is shared between your health and your magic reserves. [demonic ancestry]
   255 | D:1      | Reached XP level 2. HP: 17/25 MP: 3/3
   292 | D:1      | Reached skill level 1 in Dodging
   458 | D:1      | Reached skill level 1 in Armour
   722 | D:1      | Gained mutation: You have sharp fingernails. [demonic ancestry]
   722 | D:1      | Reached XP level 3. HP: 25/30 MP: 2/4
  1269 | D:2      | Found a stormy altar of Qazlal.
  1367 | D:2      | Reached XP level 4. HP: 18/38 MP: 2/5
  1786 | D:2      | Noticed Jessica
  1795 | D:2      | Killed Jessica
  1827 | D:2      | Noticed Crazy Yiuf
  1847 | D:2      | HP: 1/38 [Crazy Yiuf/quarterstaff of chaos (3)]
  1848 | D:2      | Killed Crazy Yiuf
  1848 | D:2      | Reached skill level 5 in Fighting
  1848 | D:2      | Gained mutation: You regenerate magic rapidly. [demonic ancestry]
  1848 | D:2      | Reached XP level 5. HP: 1/44 MP: 0/6
  2681 | D:3      | Found a burning altar of Makhleb.
  2832 | D:3      | Noticed Sigmund
  2844 | D:3      | Killed Sigmund
  2844 | D:3      | Gained mutation: When low on magic, you restore magic in place of health. [demonic ancestry]
  2844 | D:3      | Reached XP level 6. HP: 39/51 MP: 5/8
  3325 | D:3      | Noticed Robin
  3346 | D:3      | Killed Robin
  3364 | D:2      | Quit the game

Vault maps used:
D:1:      tarquinn_simple_flora_water_b
D:2:      nicolae_qazlal_eye_of_the_storm, first_bread, uniq_crazy_yiuf_cottage,
          uniq_jessica
D:3:      bloody_makhleb, minivault_25, uniq_sigmund, uniq_robin

Action                   |  1- 3 |  4- 6 || total
-------------------------+-------+-------++-------
Melee: Dagger            |    71 |       ||    71
       Short sword       |    40 |       ||    40
       Unarmed           |    52 |   143 ||   195
       Quarterstaff      |       |    11 ||    11
 Abil: Evoke Invisibilit |       |     1 ||     1
  Use: Scroll            |     3 |     5 ||     8
       Potion            |     1 |     6 ||     7
 Stab: Distracted        |       |     1 ||     1
       Invisible         |       |     5 ||     5
       Sleeping          |       |     3 ||     3
  Eat: Chunk             |     2 |     6 ||     8
